 Dungeon Crawl Stone Soup version 0.26.1-11-gd32895ea62 (webtiles) character file.

Game seed: 2512350514663736021

8063 H0rd4k the Martial Artist (level 11, 0/69 (70) HPs)
             Began as an Octopode Transmuter on May 7, 2021.
             Was an Initiate of Gozag.
             Killed from afar by a deep elf mage (34 damage)
             ... with a bolt of fire
             ... on level 10 of the Dungeon.
             The game lasted 00:20:15 (14029 turns).

H0rd4k the Martial Artist (Octopode Transmuter)    Turns: 14029, Time: 00:20:17

HP:   0/69 (70)     AC:  1    Str: 10    XL:     11   Next: 25%
MP:   20/20         EV: 17    Int: 18    God:    Gozag
Gold: 1279          SH:  0    Dex: 19    Spells: 12/23 levels left

rFire    . . .     SeeInvis .     - Unarmed
rCold    . . .     Faith    .   (no shield)
rNeg     + . .     Spirit   .   (helmet restricted)
rPois    .         Reflect  .   B - amulet of regeneration
rElec    .         Harm     .   c - ring of willpower
rCorr    .         Rampage  .   h - ring of positive energy
Will     +....                  s - ring of stealth
Stlth    +++++.....             t - +6 ring of dexterity
HPRegen  0.61/turn              (no ring)
MPRegen  0.17/turn              (no ring)
                                (no ring)
                                (no ring)

@: gold aura, lightly drained
A: almost no armour, stealthy swim, amphibious, 8 rings, constrict 8, camouflage
1, gelatinous body 1
a: Renounce Religion, Potion Petition, Call Merchant, Bribe Branch


You were on level 10 of the Dungeon.
You worshipped Gozag.
Gozag was most pleased with you.
You visited 2 branches of the dungeon, and saw 11 of its levels.

You collected 1411 gold pieces.
You paid 132 gold pieces to Gozag.

Inventory:

Hand Weapons
 E - the +0 war axe "Remosayffiu" {freeze, rC+ rN+ Will+ Stlth+}
   (You found it on level 5 of the Dungeon)

   It has been specially enchanted to freeze those struck by it, causing extra
   injury to most foes and up to half again as much damage against particularly
   susceptible opponents.
   It can also slow down cold-blooded creatures.
   It protects you from cold.
   It protects you from negative energy.
   It affects your willpower, your defense against some magical effects.
   It makes you more stealthy.
Missiles
 a - 30 poisoned darts
 g - 6 boomerangs of dispersal
Magical Staves
 D - an uncursed staff of death {unknown}
Jewellery
 c - a ring of willpower (left tentacle)
 h - a ring of positive energy (right tentacle)
 s - a ring of stealth (on tentacle)
 t - a +6 ring of dexterity (on tentacle)
 y - an uncursed amulet of magic regeneration
 B - an amulet of regeneration (around mantle)
Wands
 q - a wand of polymorph (12)
 I - a wand of disintegration (11)
 J - a wand of flame (20)
Scrolls
 d - a scroll of noise {unknown}
 i - 5 scrolls of magic mapping
 j - 3 scrolls of remove curse
 l - 2 scrolls of teleportation
 m - 5 scrolls of amnesia {unknown}
 o - 4 scrolls of fog {unknown}
 r - 4 scrolls of enchant weapon {unknown}
 u - 2 scrolls of random uselessness {unknown}
 C - a scroll of enchant armour {unknown}
 K - a scroll of immolation {unknown}
 L - a scroll of summoning {unknown}
Potions
 b - 4 potions of attraction
 e - 2 potions of lignification
 f - a potion of flight {unknown}
 k - 3 potions of brilliance
 n - a potion of resistance {unknown}
 p - a potion of heal wounds
 v - a potion of curing {unknown}
 w - 2 potions of invisibility {unknown}
 x - a potion of ambrosia {unknown}
 z - a potion of berserk rage {unknown}
 A - a potion of might {unknown}
 F - 4 potions of mutation {unknown}
 G - 2 potions of haste {unknown}
 H - a potion of degeneration {unknown}


   Skills:
 + Level 4.6 Fighting
 + Level 5.8 Dodging
 + Level 3.1 Stealth
 + Level 10.9 Unarmed Combat
 + Level 6.5 Spellcasting
 * Level 3.8 Translocations
 + Level 6.6 Transmutations
 + Level 4.8 Poison Magic
 + Level 1.9 Evocations


You had 12 spell levels left.
You knew the following spells:

 Your Spells              Type           Power        Failure   Level
a - Beastly Appendage     Tmut           58%          1%          1
b - Spider Form           Tmut/Pois      13%          3%          3
c - Blade Hands           Tmut           14%          21%         5
d - Blink                 Tloc           N/A          3%          2

Your spell library contained the following spells:

 Spells                   Type           Power        Failure   Level
 Sting                    Tmut/Pois      100%         1%          1
 Wereblood                Tmut           29%          1%          2
 Apportation              Tloc           38%          2%          1
 Poisonous Vapours        Pois/Air       28%          6%          2
 Ignite Poison            Fire/Tmut/Pois 19%          7%          3
 Animate Skeleton         Necr           10%          12%         1
 Corona                   Hex            5%           12%         1
 Magic Dart               Conj           20%          12%         1
 Summon Small Mammal      Summ           20%          12%         1
 Olgreb's Toxic Radiance  Pois           23%          16%         4
 Call Imp                 Summ           5%           17%         2
 Slow                     Hex            5%           17%         2
 Mephitic Cloud           Conj/Pois/Air  11%          17%         3
 Ice Form                 Ice/Tmut       17%          28%         4
 Call Canine Familiar     Summ           5%           34%         3
 Conjure Flame            Conj/Fire      5%           34%         3
 Summon Guardian Golem    Hex/Summ       5%           34%         3
 Summon Ice Beast         Ice/Summ       5%           75%         4
 Summon Lightning Spire   Summ/Air       5%           75%         4


Dungeon Overview and Level Annotations

Branches:
Dungeon (10/15)            Temple (1/1) D:5            Lair (0/6) D:9
    Orc (0/2) D:9

Altars:
Ashenzari
Cheibriados
Dithmenos
Elyvilon
Fedhas
Gozag
Hepliaklqana
Kikubaaqudgha
Makhleb
Nemelex Xobeh
Okawaru
Qazlal
Ru
Sif Muna
Trog
Uskayaw
Vehumet
Wu Jian
Xom
Yredelemnul
Zin
The Shining One
Lugonu

Shops:
D:5 *

Annotations:
D:4 exclusion: 2 upstairs
D:8 2 transporters
D:9 exclusion: 2 downstairs
D:10 exclusion: deep elf mage, Erica


Innate Abilities, Weirdness & Mutations

You cannot wear most types of armour.
You are very stealthy in the water. (Stealth+)
You are amphibious.
You can wear up to eight rings at the same time.
You can use your tentacles to constrict eight enemies at once.
Your skin changes colour to match your surroundings (Stealth+).
Your rubbery body absorbs attacks. (AC +1, EV +1)


Message History

The jelly barely misses you.
You kill the steam dragon!
The jelly is engulfed in a cloud of scalding steam.
Your surroundings suddenly seem different.
The deep elf mage shouts!
An ufetubus comes into view.
It was a potion of heal wounds.
You feel much better.
Aiming: Disintegrate
Press: ? - help, Shift-Dir - straight line, f - deep elf mage
Aim: a deep elf mage, wielding a +0 dagger (chance to affect: 56%)
The deep elf mage is blasted!!
The ufetubus shouts!
Aiming: Disintegrate
Press: ? - help, Shift-Dir - straight line, f/p - deep elf mage
Aim: a deep elf mage, wielding a +0 dagger (heavily wounded, chance to affect: 56%)
The deep elf mage is blasted!!
The deep elf mage casts a spell at you. The bolt of fire hits you!!
You die...
Your body crumbles into a pile of gold.

#####...## #..#
#.......## #..#
#.......#. #..#
#.......#.
###+##..#####.#....##.#.
#.......................
#............?........#.
#.....................#.
#......@..e5..........#.
#.....................#.
#.....................##
#......................
#..................... #
#.............. #
#######........ #
......... # #


You could see a deep elf mage and an ufetubus.

Vanquished Creatures
  A two-headed ogre (D:5)
  Nergalle (D:10)
  An elephant (D:8)
  A centaur skeleton (D:10)
  Sigmund (D:5)
  A basilisk (D:9)
  2 wraiths
  A wyvern (D:9)
  A steam dragon (D:10)
  Menkaure (D:5)
  An acid dragon (D:10)
  A water moccasin (D:8)
  3 black bears
  A floating eye (shapeshifter) (D:10)
  3 sky beasts
  2 ice beasts
  4 phantoms
  5 ogres
  3 necrophages
  2 centaurs
  A big kobold (D:10)
  3 bullfrogs
  A gnoll sergeant (D:6)
  A wyvern skeleton (D:9)
  A scorpion (D:7)
  4 wights
  5 killer bees
  11 howler monkeys
  A quasit (D:7)
  4 centaur zombies
  A bullfrog zombie (D:8)
  6 hounds
  3 orc priests
  5 jellies
  2 bullfrog skeletons
  A gnoll shaman (D:5)
  3 iguanas
  Ijyb (D:5)
  Terence (D:2)
  4 orc wizards
  10 worker ants
  2 hound skeletons
  A worker ant zombie (D:10)
  8 gnolls
  12 adders
  2 shadow imps
  A white imp (D:7)
  3 ufetubi (D:5)
  4 oozes (D:3)
  3 adder zombies
  A worm (D:4)
  2 dart slugs
  2 leopard geckos
  20 orcs
  5 bats
  4 giant cockroaches
  4 goblins
  8 hobgoblins
  3 jackals
  14 kobolds
  3 quokkas
  9 frilled lizards
  A leopard gecko zombie (D:5)
  7 rats
224 creatures vanquished.

Vanquished Creatures (others)
  An ufetubus (D:10)
  10 fungi (D:3)
  9 toadstools (D:3)
20 creatures vanquished.

Grand Total: 244 creatures vanquished

Notes
Turn   | Place    | Note
-------+----------+-------------------------------------------
     0 | D:1      | H0rd4k the Octopode Transmuter began the quest for the Orb.
     0 | D:1      | Reached XP level 1. HP: 13/13 MP: 3/3
   281 | D:1      | Reached XP level 2. HP: 14/18 MP: 5/5
  1033 | D:2      | Reached XP level 3. HP: 20/23 MP: 6/6
  1040 | D:2      | Learned a level 3 spell: Spider Form
  1143 | D:2      | Found a glowing silver altar of Zin.
  1147 | D:2      | Reached skill level 4 in Unarmed Combat
  1351 | D:2      | Reached skill level 1 in Stealth
  1864 | D:2      | Reached XP level 4. HP: 17/28 MP: 7/7
  2310 | D:2      | Found a radiant altar of Vehumet.
  2388 | D:2      | Noticed Terence
  2401 | D:2      | Killed Terence
  2735 | D:3      | Reached skill level 1 in Poison Magic
  2814 | D:3      | Reached XP level 5. HP: 10/33 MP: 8/8
  3106 | D:3      | Found an ancient bone altar of Kikubaaqudgha.
  3415 | D:3      | Reached skill level 5 in Unarmed Combat
  3641 | D:4      | Reached XP level 6. HP: 33/38 MP: 9/9
  3652 | D:4      | Learned a level 5 spell: Blade Hands
  4291 | D:4      | Found a snail-covered altar of Cheibriados.
  4544 | D:4      | Reached XP level 7. HP: 39/43 MP: 11/11
  4841 | D:4      | Reached skill level 6 in Unarmed Combat
  5338 | D:5      | Entered Level 5 of the Dungeon
  5357 | D:5      | Reached XP level 8. HP: 21/50 MP: 9/13
  5557 | D:5      | Noticed Ijyb
  5575 | D:5      | Found a staircase to the Ecumenical Temple.
  5664 | D:5      | Reached skill level 7 in Unarmed Combat
  6009 | D:6      | Found a hazy altar of Hepliaklqana.
  6446 | Temple   | Entered the Ecumenical Temple
  6995 | D:6      | Found a basalt altar of Yredelemnul.
  7004 | D:5      | Found an opulent altar of Gozag.
  7009 | D:5      | Found Gozag's Platinum Reserve.
  7021 | D:5      | Became a worshipper of Gozag Ym Sagoz the Greedy
  7125 | D:5      | Noticed Menkaure
  7464 | D:5      | Killed Menkaure
  7480 | D:5      | Killed Ijyb
  7695 | D:5      | Reached skill level 8 in Unarmed Combat
  7695 | D:5      | Reached skill level 1 in Evocations
  7711 | D:5      | Reached XP level 9. HP: 25/54 MP: 15/15
  7831 | D:5      | Reached skill level 5 in Transmutations
  8080 | D:5      | Noticed a two-headed ogre
  8086 | D:5      | Got a crude war axe
  8123 | D:5      | Killed a two-headed ogre
  8124 | D:5      | Reached skill level 5 in Spellcasting
  8490 | D:5      | Noticed Sigmund
  8511 | D:5      | Killed Sigmund
  8512 | D:5      | Reached skill level 9 in Unarmed Combat
  9397 | D:5      | Identified the cursed +0 war axe "Remosayffiu" {freeze, rC+
                  | rN+ Will+ Stlth+} (You found it on level 5 of the Dungeon)
  9449 | D:6      | Found a glowing golden altar of the Shining One.
 10057 | D:7      | Reached skill level 5 in Dodging
 10129 | D:7      | Reached XP level 10. HP: 63/63 MP: 18/18
 10317 | D:7      | Found a blossoming altar of Fedhas.
 10802 | D:7      | Found a stormy altar of Qazlal.
 10802 | D:7      | Found a sparkling altar of Nemelex Xobeh.
 10882 | D:7      | Learned a level 2 spell: Blink
 11134 | D:8      | Found a bloodstained altar of Trog.
 11312 | D:8      | Found a hide-covered altar of Uskayaw.
 11406 | D:8      | Found a transporter.
 11408 | D:8      | Noticed a white ugly thing
 11409 | D:8      | Noticed a cyan ugly thing
 11410 | D:8      | Found a corrupted altar of Lugonu.
 11543 | D:8      | Noticed a purple ugly thing
 11544 | D:8      | Noticed a purple ugly thing
 11546 | D:8      | Found a transporter.
 11716 | D:9      | Reached skill level 1 in Translocations
 11779 | D:9      | Found a white marble altar of Elyvilon.
 11919 | D:9      | Reached skill level 10 in Unarmed Combat
 12225 | D:9      | Found a staircase to the Lair.
 12225 | D:9      | Noticed an elephant
 12274 | D:8      | Killed an elephant
 12457 | D:9      | Found a staircase to the Orcish Mines.
 12782 | D:10     | Entered Level 10 of the Dungeon
 12902 | D:10     | Noticed Nergalle
 12919 | D:10     | Killed Nergalle
 13008 | D:10     | Noticed a harpy
 13008 | D:10     | a harpy changed into a rime drake
 13014 | D:10     | Reached XP level 11. HP: 68/69 MP: 20/20
 13437 | D:10     | Noticed Erica
 13972 | D:10     | Noticed a deep elf mage
 14029 | D:10     | Killed from afar by a deep elf mage

Illustrated notes

Levels and vault maps discovered:
D:1:      lemuel_arrival_tunnels, layout_basic
D:2:      layout_rooms, vehumet_crystals, old_standard_altar, uniq_terence
D:3:      cheibrodos_fertilizer, layout_basic, general_overflow_altar,
          chequers_ecumenical_altar_simple, lightli_corner_chamber
D:4:      cheibrodos_barr_body, layout_loops_ring, cheibriados_altar_1,
          minmay_misc_feat_rugged
D:5:      layout_rooms, nicolae_gozag_zags_fifth_avenue,
          minmay_temple_entry_from_below_b, serial_curves, eino_curves_04,
          eino_curves_03, minmay_divided_ellipse, uniq_ijyb, uniq_menkaure,
          uniq_sigmund
D:6:      layout_basic, yredelemnul_altar_generic, kennysheep_mini,
          nicolae_overflow_crystal_walls
D:7:      layout_cave_pods, gammafunk_temple_overflow_pools, fedhas_altar_4
D:8:      gammafunk_corrupted_shrine, layout_basic, lemuel_crystal_altar,
          bloody_trog, dk_noncrumbling_4, grunt_decor_junction,
          minmay_misc_feat_room
D:9:      layout_cave_pools, david_lair_generic, orc_0_dummy, elyvilon_altar_5
D:10:     minmay_the_grid_3x3 [minmay_the_grid_zigzag_pyramid,
          minmay_the_grid_large_cup, minmay_the_grid_aliased_spiral,
          minmay_the_grid_tiny_cups, minmay_the_grid_medium_cups,
          minmay_the_grid_tree, minmay_the_grid_small_cups,
          minmay_the_grid_plusring, minmay_the_grid_prize_shrinking_boxes],
          layout_grid_maze, uniq_nergalle, uniq_erica
Temple:   zaba_magenta_temple

Skill      XL: |  1  2  3  4  5  6  7  8  9 10 11 |
---------------+----------------------------------+-----
Unarmed Combat | 4 5 6 8 9 10 | 10.9
Stealth        | 1 2 3 |  3.1
Poison Magic   | 1 2 3 4 |  4.8
Transmutations | 3 4 6 |  6.6
Spellcasting   | 3 4 5 6 |  6.5
Dodging        | 3 4 5 |  5.8
Fighting       | 2 3 4 |  4.6
Evocations     | 1 |  1.9
Translocations | 3 |  3.8

Action                   |  1- 3 |  4- 6 |  7- 9 | 10-12 || total
-------------------------+-------+-------+-------+-------++-------
Melee: Unarmed           |    86 |   115 |   270 |   300 ||   771
       Constrict         |    22 |    17 |    26 |    30 ||    95
       Tentacles         |    10 |    14 |    28 |    35 ||    87
       Punch             |       |     3 |     7 |    10 ||    20
       Kick              |       |     5 |     8 |       ||    13
 Cast: Spider Form       |       |     2 |    19 |    23 ||    44
       Beastly Appendage |       |     2 |     2 |       ||     4
       Blade Hands       |       |       |       |     1 ||     1
Evoke: Wand              |       |       |    10 |     9 ||    19
  Use: Scroll            |       |       |     7 |     2 ||     9
       Potion            |       |       |       |     1 ||     1
 Stab: Sleeping          |     2 |     2 |    10 |     6 ||    20
       Distracted        |       |       |     3 |     2 ||     5
Armor: Skin              |     8 |     1 |     5 |    11 ||    25
Dodge: Dodged            |    52 |    59 |   192 |   281 ||   584
